 Dungeon Crawl Stone Soup version 0.30.0-20-g3615ddf2f0 (webtiles) character file.

Game seed: 15294986820963315356

377 qw the Chopper (level 6, -2/39 HPs)
             Began as a Gargoyle Fighter on May 29, 2023.
             Killed by divine providence
             ... invoked by an orc priest
              (11 damage)
             ... on level 4 of the Dungeon.
             The game lasted 00:01:11 (2989 turns).

qw the Chopper (Gargoyle Fighter)                   Turns: 2989, Time: 00:01:12

Health: -2/39      AC: 17    Str: 22      XL:     6   Next: 73%
Magic:  6/6        EV:  6    Int:  6 (8)  God:
Gold:   128        SH:  4    Dex:  9      Spells: 5/5 levels left

rFire   . . .        Y - +0 war axe
rCold   . . .        c - +0 buckler
rNeg    + . .        g - +0 plate armour
rPois   inf          (no helmet)
rElec   +            (no cloak)
rCorr   .            f - +0 pair of gloves
SInv    .            (no boots)
Will    .....        (no amulet) Stlth
                     (no ring)
HPRegen 0.26/turn    (no ring)
MPRegen 0.10/turn

%: no passive effects
@: no status effects
A: sickness immunity, AC +4, negative energy resistance 1, electricity
resistance, torment resistance 1, petrification resistance
a: no special abilities


You were on level 4 of the Dungeon.
You visited 1 branch of the dungeon, and saw 4 of its levels.

You collected 128 gold pieces.


Innate Abilities, Weirdness & Mutations

You are immune to sickness and miasma.
Your stone body is resilient. (AC +4)
You are immune to poison.
You resist negative energy. (rN+)
You are resistant to electric shocks. (rElec)
You are resistant to unholy torment.
You are immune to petrification.


   Skills:
 - Level 4.6 Fighting
 + Level 5.7 Axes
 - Level 3.2 Armour
 - Level 3.2 Shields


You had 5 spell levels left.
You didn't know any spells.
Your spell library was empty.

Inventory:

Hand Weapons
 i - a +0 flail of protection
 Y - a +0 war axe (weapon)
Missiles
 a - 5 boomerangs (quivered)
Armour
 c - a +0 buckler (worn)
 f - a +0 pair of gloves (worn)
 g - a +0 plate armour (worn)
Scrolls
 b - a scroll of fear {unknown}
Potions
 d - a potion of might
 e - a potion of attraction {unknown}
 h - a potion of ambrosia {unknown}
 j - 2 potions of curing
 k - a potion of resistance {unknown}
 l - a potion of cancellation {unknown}
 m - a potion of magic {unknown}

Dungeon Overview and Level Annotations

Branches:
Dungeon (4/15)
 Temple: D:4-7

Altars:
Elyvilon
Kikubaaqudgha
Wu Jian
Yredelemnul


Message History

Enter note:
Enter note:
2981 ||| Stepping ~*~*~tactically~*~*~ (hiding).
Enter note:
Enter note: You barely miss the iguana.
The iguana barely misses you.
An orc priest comes into view. It is wielding a +0 whip.
You slash the iguana!
The iguana is severely wounded.
You block the iguana's attack. The iguana closely misses you.
You hit the iguana.
The iguana is severely wounded.
The iguana bites you but does no damage.
You hit the iguana.
The iguana is almost dead.
The iguana bites you but does no damage.
You closely miss the iguana.
The iguana is almost dead.
You hit the orc. The orc hits you but does no damage.
The iguana bites you but does no damage.
You barely miss the iguana.
The iguana is almost dead.
You slash the orc!
You kill the orc!
The iguana bites you. The iguana barely misses you.
The orc priest looks braver for a moment.
You slash the iguana!
You kill the iguana!
You completely miss the orc priest.
The orc priest invokes the aid of Beogh against you.
Beogh smites you!
The orc priest calls down the wrath of Beogh upon you.
Beogh smites you!
You feel your dexterity returning.
You closely miss the orc priest.
The orc priest calls down the wrath of Beogh upon you.
Beogh smites you!
You die...

.......# .).....# #.
.......# .. .......##
#.# ........# #..
........# #.. ........#
##.## ........#
###.o.#######
........###....o@.....#
.......#.........#......
...........#....?# .....
........####.....# ....
......### #.....# #..
.....## #....## . ....##
#....# ....# ##....#
...## #.....#


You could see 2 orc priests.

Vanquished Creatures
  A black bear (D:4)
  A scorpion (D:4)
  3 iguanas (D:4)
  4 gnolls (D:3)
  6 adders
  3 dart slugs
  2 orcs
  3 endoplasms
  3 giant cockroaches
  3 goblins (D:1)
  10 hobgoblins
  2 quokkas (D:1)
  3 ball pythons
  3 bats
  3 frilled lizards
  5 kobolds
  2 rats (D:1)
57 creatures vanquished.

Notes
Turn   | Place    | Note
-------+----------+-------------------------------------------
     0 | D:1      | qw the Gargoyle Fighter began the quest for the Orb.
     0 | D:1      | Reached XP level 1. HP: 14/14 MP: 1/1
     0 | D:1      | 0 ||| qw: Version: 0.2-a-101-gf424e7f
     0 | D:1      | 0 ||| qw: Game counter: 335
     0 | D:1      | 0 ||| qw: Always use a shield: true
     0 | D:1      | 0 ||| qw: God list: Okawaru
     0 | D:1      | 0 ||| qw: Allow faded altars: false
     0 | D:1      | 0 ||| qw: Do Orc after D:15 true
     0 | D:1      | 0 ||| qw: Do second Lair branch before Depths: true
     0 | D:1      | 0 ||| qw: Lair rune preference: random
     0 | D:1      | 0 ||| qw: Plans: Normal, Zot:1-4, Slime:5, God:TSO, Crypt,
                  | Tomb, Pan, Hells, Abyss, Win
     0 | D:1      | 0 ||| PLANNING D:1-11
    45 | D:1      | Reached skill level 2 in Axes
    64 | D:1      | Reached XP level 2. HP: 19/19 MP: 2/2
   254 | D:1      | You fall into a shaft and drop 1 floor!
   273 | D:2      | 273 ||| DROPPING +0 club.
   304 | D:2      | Found an ornate altar of the Wu Jian Council.
   337 | D:2      | Reached skill level 3 in Axes
   337 | D:2      | Reached XP level 3. HP: 10/23 MP: 3/3
   447 | D:2      | 447 ||| Stepping ~*~*~tactically~*~*~ (stealth).
   448 | D:2      | 448 ||| Stepping ~*~*~tactically~*~*~ (stealth).
   557 | D:2      | 557 ||| UPGRADING to +0 pair of gloves.
   562 | D:2      | 562 ||| READING 2 scrolls labelled WECOEWN ARPHAGH.
   566 | D:2      | 566 ||| READING scroll labelled AQOEHU HUYLITH.
   727 | D:1      | 727 ||| Stepping ~*~*~tactically~*~*~ (hiding).
   731 | D:1      | 731 ||| Stepping ~*~*~tactically~*~*~ (hiding).
   732 | D:1      | 732 ||| Stepping ~*~*~tactically~*~*~ (hiding).
   733 | D:1      | 733 ||| Stepping ~*~*~tactically~*~*~ (hiding).
   734 | D:1      | 734 ||| Stepping ~*~*~tactically~*~*~ (hiding).
   789 | D:1      | 789 ||| Stepping ~*~*~tactically~*~*~ (stealth).
  1092 | D:1      | 1092 ||| UPGRADING to +0 plate armour.
  1102 | D:1      | 1102 ||| DROPPING +0 scale mail.
  1103 | D:1      | 1103 ||| READING scroll labelled UGEVOEZECA.
  1350 | D:2      | Reached XP level 4. HP: 28/28 MP: 4/4
  1683 | D:2      | 1683 ||| READING scroll labelled ZAIXZA ZYRCH.
  1684 | D:2      | 1684 ||| READING scroll labelled BOHASI GECUCA.
  1685 | D:2      | 1685 ||| DRINKING 2 glowing red potions.
  1714 | D:3      | Found an ancient bone altar of Kikubaaqudgha.
  1745 | D:3      | Reached skill level 4 in Axes
  1777 | D:3      | 1777 ||| Stepping ~*~*~tactically~*~*~ (hiding).
  1779 | D:3      | 1779 ||| Stepping ~*~*~tactically~*~*~ (hiding).
  1782 | D:3      | 1782 ||| Stepping ~*~*~tactically~*~*~ (hiding).
  1961 | D:3      | HP: 7/28 [gnoll/+0 spear (3)]
  1962 | D:3      | 1962 ||| READING scroll of teleportation.
  1962 | D:3      | HP: 3/28 [gnoll/+0 spear (2)]
  1963 | D:3      | HP: 1/28 [gnoll/+0 flail (2)]
  2089 | D:3      | 2089 ||| Stepping ~*~*~tactically~*~*~ (stealth).
  2117 | D:3      | Reached XP level 5. HP: 23/32 MP: 5/5
  2178 | D:3      | 2178 ||| DROPPING +0 whip.
  2183 | D:3      | 2183 ||| DROPPING +0 flail.
  2425 | D:3      | Found a basalt altar of Yredelemnul.
  2656 | D:3      | 2656 ||| DRINKING 3 sapphire potions.
  2657 | D:3      | 2657 ||| DROPPING 2 potions of degeneration.
  2704 | D:4      | Reached skill level 5 in Axes
  2718 | D:4      | Noticed a black bear
  2725 | D:4      | Killed a black bear
  2726 | D:4      | Reached XP level 6. HP: 33/39 MP: 6/6
  2751 | D:4      | Found a white marble altar of Elyvilon.
  2981 | D:4      | 2981 ||| Stepping ~*~*~tactically~*~*~ (hiding).
  2988 | D:4      | HP: 8/39 [orc priest/divine providence (15)]
  2989 | D:4      | Killed from afar by an orc priest

Levels and vault maps discovered:
D:1:      psy_arrival_fountain, layout_basic, minmay_misc_feat_encased
D:2:      layout_basic, basic_altar, grunt_ministairs_10, minivault_4,
          serial_bayou_pond_d
D:3:      layout_basic, mainiacjoe_overflow_catwalk,
          mainiacjoe_overflow_tiny_flanked
D:4:      layout_cave_pods, overflow_temple_1_default,
          mainiacjoe_overflow_24_doors, minmay_temple_entry_glass

Skill      XL: |  1  2  3  4  5 |
---------------+----------------+-----
Axes           | 2 3 4 5 |  5.7
Fighting       | 4 |  4.6
Armour         | |  3.2
Shields        | |  3.2

Action                     |  1- 3 |  4- 6 || total
---------------------------+-------+-------++-------
  Melee: War axe           |    90 |   115 ||   205
  Throw: Boomerang         |       |     8 ||     8
    Use: Scroll            |     3 |     3 ||     6
         Potion            |       |     2 ||     2
 Armour: Scale mail        |    41 |       ||    41
         Plate armour      |     8 |   105 ||   113
  Dodge: Dodged            |    44 |    37 ||    81
  Block: Buckler           |    11 |    29 ||    40

Table legend:
 A = Non-vault XP
 B = Vault XP
 C = Vault XP percentage of total XP
 D = Non-vault monster count
 E = Vault monster count
 F = Vault count percentage of total count
                 A         B        C        D         E       F
            +---------+---------+-------+---------+---------+-------
      Total |     535 |       4 |   0.7 |      55 |       2 |   3.5
            +---------+---------+-------+---------+---------+-------
        D:1 |      43 |       0 |   0.0 |      25 |       0 |   0.0
        D:2 |      49 |       4 |   7.5 |       7 |       2 |  22.2
        D:3 |     102 |       0 |   0.0 |      14 |       0 |   0.0
        D:4 |     341 |       0 |   0.0 |       9 |       0 |   0.0
            +---------+---------+-------+---------+---------+-------
